[Event "Oddilovy prebor 2009"]
[Site "?"]
[Date "2009.05.09"]
[Round "1.1"]
[White "Schaffer, David"]
[Black "Petrasek, Jan"]
[Result "1-0"]
[ECO "C55"]
[WhiteElo "1461"]
[BlackElo "1261"]
[Annotator ",Dave"]
[PlyCount "61"]
[EventDate "2009.??.??"]
[TimeControl "240+2"]

{319MB, DAVE-PC} 1. e4 e5 2. Nf3 d6 3. Bc4 Nc6 4. Nc3 Nf6 5. O-O Be7 6. Re1 O-O
7. h3 Be6 8. Bxe6 fxe6 9. d3 d5 10. Qe2 Nd4 11. Nxd4 exd4 12. Nb5 c5 13. exd5
Qxd5 14. Nc7 Qc6 15. Nxa8 Kf7 16. Nc7 Qxc7 17. Qxe6+ Ke8 18. Bg5 Rf7 19. Bxf6
gxf6 20. Re4 b6 21. Rae1 Qb7 22. Rg4 h5 23. Rg8+ Rf8 24. Rg7 Rf7 25. Qxf7+ Kd8
26. Rg8+ Kd7 27. Rxe7+ Kc6 28. Rxb7 Kb5 29. Qd7+ Kb4 30. a3+ Ka5 31. Rxa7# 1-0

[Event "Oddilovy prebor 2009"]
[Site "?"]
[Date "2009.05.09"]
[Round "1.2"]
[White "Sodomka, Adam"]
[Black "Stodola, Marek"]
[Result "1/2-1/2"]
[ECO "B12"]
[WhiteElo "1642"]
[BlackElo "1600"]
[Annotator ",Dave"]
[PlyCount "41"]
[EventDate "2009.??.??"]
[TimeControl "240+2"]

{319MB, DAVE-PC} 1. e4 c6 2. d4 d5 3. e5 Bf5 4. h4 h6 5. g4 Bh7 6. Bd3 Bxd3 7.
Qxd3 e6 8. f4 Be7 9. Nf3 h5 10. g5 g6 11. O-O Bf8 12. Nc3 Ne7 13. Nd1 Nf5 14.
Ne3 Nxe3 15. Bxe3 Nd7 16. Kg2 Qb6 17. Nd2 c5 18. c4 Qc6 19. Kg3 cxd4 20. Bxd4
Bc5 21. Nb3 1/2-1/2

[Event "Oddilovy prebor 2009"]
[Site "?"]
[Date "2009.05.09"]
[Round "1.3"]
[White "Sion, David"]
[Black "Schaffer, Ondrej"]
[Result "1-0"]
[ECO "C41"]
[WhiteElo "1250"]
[BlackElo "1615"]
[Annotator ",Dave"]
[PlyCount "49"]
[EventDate "2009.??.??"]
[TimeControl "240+2"]

{319MB, DAVE-PC} 1. e4 e5 2. Nf3 d6 3. Bc4 Bg4 4. h3 Bh5 5. Nc3 Bxf3 6. Qxf3
Nf6 7. d3 Be7 8. Be3 c6 9. O-O-O a5 10. a4 Qc7 11. Qg3 Rg8 12. f4 Nh5 13. Qf3
Nf6 14. g4 exf4 15. Qxf4 Nbd7 16. g5 h6 17. gxf6 Bxf6 18. h4 Rf8 19. Kb1 Rb8
20. Qf2 c5 21. Nd5 Qd8 22. Nxf6+ Nxf6 23. Rdf1 b6 24. Qf3 Ke7 25. Bxh6 1-0

[Event "Oddilovy prebor 2009"]
[Site "?"]
[Date "2009.05.09"]
[Round "1.4"]
[White "Petrasek, Kamil"]
[Black "Smejkal, Jan"]
[Result "0-1"]
[ECO "A00"]
[WhiteElo "1549"]
[BlackElo "1863"]
[Annotator ",Dave"]
[PlyCount "58"]
[EventDate "2009.??.??"]
[TimeControl "240+2"]

{319MB, DAVE-PC} 1. e4 d5 2. Nc3 d4 3. Nce2 e5 4. d3 Nc6 5. Nf3 Bg4 6. Ng3 Bb4+
7. Bd2 Qe7 8. Be2 h5 9. h3 Bd7 10. Ng5 Qxg5 11. Bxb4 Nxb4 12. Bxh5 Nf6 13. h4
Qf4 14. Ne2 Qh6 15. Bf3 Bg4 16. Ng3 Bxf3 17. gxf3 g6 18. c4 dxc3 19. bxc3 Nc6
20. Rb1 O-O-O 21. Qb3 Rxd3 22. Qxb7+ Kd7 23. Rd1 Rxd1+ 24. Kxd1 Rb8 25. Qa6 Qf8
26. Kc2 Qc5 27. Rd1+ Ke7 28. Qa4 Nb4+ 29. Kc1 Qxc3+ 0-1

[Event "Oddilovy prebor 2009"]
[Site "?"]
[Date "2009.05.09"]
[Round "1.5"]
[White "Pospisil, Petr"]
[Black "Buchra, Martin"]
[Result "0-1"]
[ECO "B13"]
[WhiteElo "1293"]
[BlackElo "1369"]
[Annotator ",Dave"]
[PlyCount "84"]
[EventDate "2009.??.??"]
[TimeControl "240+2"]

{319MB, DAVE-PC} 1. e4 c6 2. d4 d5 3. exd5 cxd5 4. Nf3 Nf6 5. Bd2 e6 6. Bg5 Be7
7. Nbd2 Ne4 8. Bxe7 Qxe7 9. Nxe4 dxe4 10. Nd2 f5 11. Bb5+ Nc6 12. Bxc6+ bxc6
13. Qe2 O-O 14. O-O Qb4 15. Nb3 a5 16. a3 Qb6 17. Qe3 a4 18. Nc5 Qxb2 19. Qd2
Qb8 20. Rfb1 Qd6 21. Rb4 e5 22. c3 f4 23. Nxe4 Qg6 24. dxe5 f3 25. g3 Qh5 26.
Ng5 h6 27. Qa2+ Kh8 28. h4 hxg5 29. hxg5 Bg4 30. Rxg4 Qxg4 31. Kf1 Qh3+ 32. Ke1
Rad8 33. Qc4 Qh1+ 34. Qf1 Qxf1+ 35. Kxf1 Rf5 36. Re1 Rxg5 37. Re3 Rd1+ 38. Re1
Rxe1+ 39. Kxe1 Rxe5+ 40. Kd2 Re2+ 41. Kd3 Rxf2 42. Ke3 Ra2 0-1

[Event "Oddilovy prebor 2009"]
[Site "?"]
[Date "2009.05.21"]
[Round "2.1"]
[White "Petrasek, Jan"]
[Black "Buchta, Martin"]
[Result "0-1"]
[ECO "C68"]
[WhiteElo "1261"]
[BlackElo "1369"]
[Annotator ",Dave"]
[PlyCount "124"]
[EventDate "2009.??.??"]
[TimeControl "240+2"]

{319MB, DAVE-PC} 1. e4 e5 2. Nf3 Nc6 3. Bb5 a6 4. Bxc6 dxc6 5. d3 Bg4 6. h3
Bxf3 7. Qxf3 Qd7 8. Nc3 Bb4 9. Qg3 f6 10. Bd2 O-O-O 11. Qg4 g5 12. Qxd7+ Rxd7
13. g4 h5 14. O-O-O Rdh7 15. Rhf1 hxg4 16. hxg4 Rh4 17. f3 b5 18. a3 Bc5 19. b4
Bd4 20. Ne2 Bb6 21. Ng3 Rh2 22. Rh1 Bf2 23. Nh5 Rxh1 24. Rxh1 c5 25. Ng3 Rxh1+
26. Nxh1 Bg1 27. Be1 cxb4 28. axb4 c5 29. Ng3 cxb4 30. Bxb4 Kb7 31. c4 Kc6 32.
Kc2 Bc5 33. Kb3 Kb6 34. Nf5 Bxb4 35. Kxb4 a5+ 36. Kb3 Kc5 37. cxb5 Kxb5 38.
Nd6+ Kc5 39. Nc4 Kd4 40. Kc2 a4 41. Kd2 Ne7 42. Na3 Nc6 43. Nb5+ Kc5 44. Na3
Kb4 45. Nc2+ Kb3 46. Kc1 Kc3 47. Kb1 Kxd3 48. Kb2 Ke2 49. Ka3 Kxf3 50. Kxa4
Kxe4 51. Kb3 Nd4+ 52. Kc3 Nxc2 53. Kxc2 Kf4 54. Kd2 Kxg4 55. Ke3 f5 56. Kf2 f4
57. Kg2 e4 58. Kf2 e3+ 59. Ke2 Kg3 60. Kf1 f3 61. Ke1 e2 62. Kd2 Kf2 0-1

[Event "Oddilovy prebor 2009"]
[Site "?"]
[Date "2009.06.14"]
[Round "2.2"]
[White "Smejkal, Jan"]
[Black "Pospisil, Petr"]
[Result "1-0"]
[ECO "D02"]
[WhiteElo "1863"]
[BlackElo "1293"]
[Annotator ",Chess"]
[PlyCount "35"]
[EventDate "2009.??.??"]
[TimeControl "240+2"]

{79MB, CHESS} 1. Nf3 c5 2. g3 Nc6 3. d4 e6 4. Bg2 Nf6 5. O-O d5 6. b3 cxd4 7.
Nxd4 Bc5 8. Nxc6 bxc6 9. c4 Qb6 10. Nc3 Ng4 11. e3 Nxe3 12. fxe3 Bxe3+ 13. Kh1
Bxc1 14. Rxc1 h5 15. cxd5 cxd5 16. Nxd5 exd5 17. Qxd5 Rb8 18. Qxf7+ 1-0

[Event "Oddilovy prebor 2009"]
[Site "?"]
[Date "2009.06.12"]
[Round "2.3"]
[White "Schaffer, Ondrej"]
[Black "Petrasek, Kamil"]
[Result "0-1"]
[ECO "C41"]
[WhiteElo "1615"]
[BlackElo "1549"]
[Annotator ",Chess"]
[PlyCount "58"]
[EventDate "2009.??.??"]
[TimeControl "240+2"]

{79MB, CHESS} 1. e4 e5 2. Nf3 d6 3. Nc3 Be7 4. Be2 Nc6 5. O-O Nf6 6. Bb5 Bd7 7.
d3 h6 8. Be3 a6 9. Bxc6 Bxc6 10. Qe2 Qd7 11. Rad1 O-O-O 12. Rd2 Qg4 13. Re1 g5
14. Red1 Qe6 15. Ne1 Rdg8 16. f3 h5 17. d4 exd4 18. Bxd4 Rh7 19. e5 dxe5 20.
Qxe5 Qxe5 21. Bxe5 Nd7 22. Re2 Nxe5 23. Rxe5 Bd6 24. Re2 g4 25. fxg4 Rxg4 26.
Nd5 Rhg7 27. a3 R7g5 28. Nf6 Rf4 29. Ne8 Bc5+ 0-1

[Event "Oddilovy prebor 2009"]
[Site "?"]
[Date "2009.05.21"]
[Round "2.4"]
[White "Stodola, Marek"]
[Black "Sion, David"]
[Result "1-0"]
[ECO "D02"]
[WhiteElo "1600"]
[BlackElo "1250"]
[Annotator ",Dave"]
[PlyCount "41"]
[EventDate "2009.??.??"]
[TimeControl "240+2"]

{319MB, DAVE-PC} 1. d4 d5 2. Nf3 c5 3. Bf4 Nc6 4. e3 e6 5. c3 c4 6. Nbd2 Bd6 7.
Bg3 Nf6 8. Qc2 Bxg3 9. hxg3 Bd7 10. b3 b5 11. e4 Qe7 12. e5 Ng8 13. Rxh7 Rxh7
14. Qxh7 Qf8 15. Qc2 O-O-O 16. bxc4 bxc4 17. Rb1 Kc7 18. Ng5 g6 19. Qa4 f6 20.
Qa6 Bc8 21. Nxe6+ 1-0

[Event "Oddilovy prebor 2009"]
[Site "?"]
[Date "2009.06.14"]
[Round "2.5"]
[White "Schaffer, David"]
[Black "Sodomka, Adam"]
[Result "1/2-1/2"]
[ECO "C41"]
[WhiteElo "1461"]
[BlackElo "1642"]
[Annotator ",Chess"]
[PlyCount "42"]
[EventDate "2009.??.??"]
[TimeControl "240+2"]

{79MB, CHESS} 1. e4 e5 2. Nf3 d6 3. Bc4 Be6 4. Bxe6 fxe6 5. Nc3 Nd7 6. d4 exd4
7. Nxd4 e5 8. Ne6 Qc8 9. Nd5 c6 10. Ndc7+ Ke7 11. Nxf8 Qxc7 12. Nxd7 Qxd7 13.
Bg5+ Nf6 14. Qd3 Qg4 15. Bxf6+ gxf6 16. g3 f5 17. f3 fxe4 18. Qxe4 Qxe4+ 19.
fxe4 Rhf8 20. Ke2 Rf6 21. Rhf1 Raf8 1/2-1/2

[Event "Oddilovy prebor 2009"]
[Site "?"]
[Date "2009.06.08"]
[Round "3.1"]
[White "Sodomka, Adam"]
[Black "Petrasek, Jan"]
[Result "1-0"]
[ECO "C41"]
[WhiteElo "1642"]
[BlackElo "1261"]
[Annotator ",Chess"]
[PlyCount "63"]
[EventDate "2009.??.??"]
[TimeControl "240+2"]

{79MB, CHESS} 1. e4 e5 2. Nf3 d6 3. d4 exd4 4. Bc4 Be7 5. c3 dxc3 6. Qb3 Nh6 7.
Bxh6 gxh6 8. Bxf7+ Kf8 9. Bh5 d5 10. exd5 Qd6 11. Nxc3 Nd7 12. O-O Rg8 13. Rfe1
Nf6 14. Ne4 Qf4 15. d6 Nxh5 16. dxe7+ Kg7 17. Qxg8+ Kxg8 18. e8=Q+ Qf8 19. Qxh5
Qg7 20. Qe8+ Qf8 21. Nf6+ Kg7 22. Nh5+ Kg8 23. Qe5 Qf7 24. Qg3+ Kf8 25. Re5 Bd7
26. Rd1 Rd8 27. Rde1 b6 28. Re7 Qg6 29. Qf4+ Bf5 30. Nh4 Qxh5 31. Nxf5 Rd1 32.
Nxh6+ 1-0

[Event "Oddílový pøebor 2009"]
[Site "?"]
[Date "2009.05.22"]
[Round "3.2"]
[White "Sion, David"]
[Black "Schaffer, David"]
[Result "1/2-1/2"]
[ECO "C50"]
[WhiteElo "1250"]
[BlackElo "1461"]
[Annotator ",Dave"]
[PlyCount "83"]
[EventDate "2009.??.??"]
[TimeControl "240+2"]

{319MB, DAVE-PC} 1. e4 e5 2. Nf3 d6 3. Bc4 Bg4 4. Nc3 Nc6 5. h3 Bh5 6. d3 Nf6
7. Be3 Be7 8. g4 Bg6 9. Nd2 h6 10. Qe2 a6 11. f4 exf4 12. Bxf4 Nd4 13. Qd1 b5
14. Bb3 c5 15. Be3 Nxb3 16. Nxb3 b4 17. Ne2 a5 18. a4 Nd7 19. Bf2 Bf6 20. c3
Ne5 21. Nf4 Rb8 22. Nd5 bxc3 23. bxc3 Nxd3+ 24. Qxd3 Rxb3 25. Rb1 Rxb1+ 26.
Qxb1 O-O 27. O-O Bh4 28. Qe1 Bxf2+ 29. Rxf2 Qh4 30. Nf4 Re8 31. Nxg6 Qxh3 32.
Nf4 Qxg4+ 33. Kf1 g5 34. Nd5 Qh3+ 35. Kg1 Kg7 36. Rxf7+ Kxf7 37. Qf2+ Kg7 38.
Qf6+ Kg8 39. Qg6+ Kf8 40. Qxd6+ Kf7 41. Qf6+ Kg8 42. Qg6+ 1/2-1/2

[Event "Oddilovy prebor 2009"]
[Site "?"]
[Date "2009.05.22"]
[Round "3.3"]
[White "Petrasek, Kamil"]
[Black "Stodola, Marek"]
[Result "1/2-1/2"]
[ECO "B13"]
[WhiteElo "1549"]
[BlackElo "1600"]
[Annotator ",Dave"]
[PlyCount "38"]
[EventDate "2009.??.??"]
[TimeControl "240+2"]

{319MB, DAVE-PC} 1. e4 c6 2. d4 d5 3. exd5 cxd5 4. Nf3 Bg4 5. Be2 Bxf3 6. Bxf3
e6 7. Be3 Nf6 8. Nc3 Nc6 9. O-O Bd6 10. Ne2 Qc7 11. Ng3 g6 12. Bg5 Be7 13. c3
h6 14. Bxf6 Bxf6 15. Ne2 h5 16. Nc1 Be7 17. Nd3 Bd6 18. h3 Ne7 19. Qe2 Rc8
1/2-1/2

[Event "Oddilovy prebor 2009"]
[Site "?"]
[Date "2009.05.22"]
[Round "3.4"]
[White "Pospisil, Petr"]
[Black "Schaffer, Ondrej"]
[Result "0-1"]
[ECO "C42"]
[WhiteElo "1293"]
[BlackElo "1615"]
[Annotator ",Dave"]
[PlyCount "60"]
[EventDate "2009.??.??"]
[TimeControl "240+2"]

{319MB, DAVE-PC} 1. e4 e5 2. Nf3 d6 3. Nc3 Nf6 4. Bc4 Bg4 5. h3 Bxf3 6. Qxf3 a6
7. Nd5 Be7 8. Nxe7 Qxe7 9. d3 Nc6 10. Bg5 Nd4 11. Qd1 b5 12. Bd5 c6 13. Bb3
Nxb3 14. axb3 Qe6 15. O-O O-O 16. f4 exf4 17. Rxf4 Qe5 18. d4 Qxg5 19. Qf3 Nd7
20. Rg4 Qf6 21. Qd3 c5 22. c3 cxd4 23. Rf1 Qe6 24. Qxd4 Qe5 25. Qe3 Qc5 26.
Qxc5 Nxc5 27. Rd1 Rad8 28. b4 Na4 29. Rd2 Rfe8 30. h4 Re5 0-1

[Event "Oddilovy prebor 2009"]
[Site "?"]
[Date "2009.05.22"]
[Round "3.5"]
[White "Buchta, Martin"]
[Black "Smejkal, Jan"]
[Result "0-1"]
[ECO "A38"]
[WhiteElo "1369"]
[BlackElo "1863"]
[Annotator ",Dave"]
[PlyCount "100"]
[EventDate "2009.??.??"]
[TimeControl "240+2"]

{319MB, DAVE-PC} 1. c4 Nf6 2. Nc3 g6 3. g3 Bg7 4. Bg2 O-O 5. Nf3 c5 6. d4 cxd4
7. Nxd4 Nc6 8. Nb3 a6 9. Bg5 Rb8 10. Qc1 b5 11. cxb5 axb5 12. Bh6 b4 13. Ne4
Nxe4 14. Bxe4 Bb7 15. Nc5 Bxh6 16. Qxh6 Ba8 17. f3 Nd4 18. Qd2 Bxe4 19. fxe4 e5
20. O-O Qb6 21. e3 Qxc5 22. exd4 exd4 23. Qd3 d5 24. e5 Rfe8 25. Rfe1 Ra8 26.
a3 bxa3 27. bxa3 Qc3 28. Rad1 Rxa3 29. Qxd4 Qxd4+ 30. Rxd4 Ra5 31. Kf2 Re6 32.
h4 h5 33. Kf3 f6 34. Kf4 Rc5 35. Re3 Kf7 36. exf6 Kxf6 37. Rxe6+ Kxe6 38. Kg5
Rc4 39. Rf4 Rxf4 40. gxf4 Kf7 41. f5 d4 42. fxg6+ Kg7 43. Kxh5 d3 44. Kg5 d2
45. h5 d1=Q 46. h6+ Kg8 47. Kf6 Qd8+ 48. Kf5 Qd6 49. Kg5 Qe5+ 50. Kh4 Qf5 0-1

[Event "Oddilovy prebor 2009"]
[Site "?"]
[Date "2009.06.12"]
[Round "4.1"]
[White "Petrasek, Jan"]
[Black "Smejkal, Jan"]
[Result "0-1"]
[ECO "B30"]
[WhiteElo "1261"]
[BlackElo "1863"]
[Annotator ",Chess"]
[PlyCount "68"]
[EventDate "2009.??.??"]
[TimeControl "240+2"]

{79MB, CHESS} 1. e4 c5 2. Nf3 g6 3. Nc3 Bg7 4. d3 Nc6 5. Bf4 Nf6 6. Be2 d5 7.
exd5 Nxd5 8. Nxd5 Qxd5 9. O-O Bxb2 10. Rb1 Bg7 11. a3 O-O 12. Ng5 Nd4 13. Ne4
b6 14. Bf3 Nxf3+ 15. Qxf3 Bb7 16. Qh3 Rad8 17. Ng5 h6 18. Ne4 g5 19. Be3 f5 20.
Nc3 Qc6 21. f3 f4 22. Bd2 Qg6 23. Ne4 Bc8 24. g4 fxg3 25. Qxg3 Bf5 26. a4 Bxe4
27. fxe4 Rxf1+ 28. Rxf1 Qd6 29. Qxd6 Rxd6 30. Bc3 Bxc3 31. Rf5 Rf6 32. Rd5 Bd4+
33. Kg2 Rf2+ 34. Kg3 Rxc2 0-1

[Event "Oddilovy prebor 2009"]
[Site "?"]
[Date "2009.06.13"]
[Round "4.2"]
[White "Schaffer, Ondrej"]
[Black "Buchta, Martin"]
[Result "0-1"]
[ECO "C44"]
[WhiteElo "1615"]
[BlackElo "1369"]
[Annotator ",Chess"]
[PlyCount "60"]
[EventDate "2009.??.??"]
[TimeControl "240+2"]

{79MB, CHESS} 1. e4 e5 2. Nf3 Nc6 3. d3 Nf6 4. Bg5 Be7 5. Be2 d5 6. exd5 Nxd5
7. Bxe7 Qxe7 8. O-O Qb4 9. b3 Bg4 10. Qe1 Bxf3 11. Bxf3 Qd4 12. Nd2 O-O-O 13.
Nc4 g5 14. Qd2 g4 15. Be4 Kb8 16. Rac1 h5 17. a3 Qc5 18. b4 Qe7 19. c3 Qe6 20.
a4 f5 21. Bxd5 Qxd5 22. Rcd1 f4 23. Rfe1 a6 24. Nb2 h4 25. Re4 h3 26. g3 Rdf8
27. c4 Qf7 28. b5 Nd4 29. Qb4 fxg3 30. Rxg4 Qxf2+ 0-1

[Event "Oddilovy prebor 2009"]
[Site "?"]
[Date "2009.06.14"]
[Round "4.3"]
[White "Stodola, Marek"]
[Black "Pospisil, Petr"]
[Result "1-0"]
[ECO "D02"]
[WhiteElo "1600"]
[BlackElo "1293"]
[Annotator ",Chess"]
[PlyCount "93"]
[EventDate "2009.??.??"]
[TimeControl "240+2"]

{79MB, CHESS} 1. d4 e6 2. Nf3 c5 3. Bf4 d5 4. e3 Nc6 5. Nc3 cxd4 6. Nxd4 Nxd4
7. Qxd4 a6 8. b4 Bd7 9. b5 axb5 10. Nxb5 Qa5+ 11. Qd2 Qxd2+ 12. Kxd2 Rc8 13.
Rb1 Kd8 14. Na7 Ra8 15. Rxb7 Bc5 16. Bb8 Bc8 17. Nc6+ Ke8 18. Rc7 Bd7 19. Ba7
Bd6 20. Rxd7 Kxd7 21. Bb5 Nf6 22. Rb1 Ne4+ 23. Ke1 Nc3 24. Nb8+ Ke7 25. Nc6+
Kf8 26. Rb3 Nxb5 27. Rxb5 Rc8 28. Bc5 Bxc5 29. Rxc5 Ke8 30. Rb5 Rf8 31. Nb4 f6
32. a4 Rf7 33. a5 Ra7 34. a6 Kd7 35. Kd2 Kd6 36. Kd3 Rc5 37. Rb8 e5 38. c3 e4+
39. Kd2 g6 40. h4 f5 41. g3 Kc7 42. Rh8 Kb6 43. Rd8 Kb5 44.
Rb8+ Ka5 45. Rb7 Rxb7 46. axb7 Rb5 47. Nc6+ 1-0

[Event "Oddilovy prebor 2009"]
[Site "?"]
[Date "2009.06.07"]
[Round "4.4"]
[White "Schaffer, David"]
[Black "Petrasek, Kamil"]
[Result "0-1"]
[ECO "C55"]
[WhiteElo "1461"]
[BlackElo "1549"]
[Annotator ",Dave"]
[PlyCount "54"]
[EventDate "2009.??.??"]
[TimeControl "240+2"]

{319MB, DAVE-PC} 1. e4 e5 2. Nf3 d6 3. Bc4 Nc6 4. d3 Be7 5. Nc3 Nf6 6. Bg5 h6
7. Bh4 Bg4 8. h3 Bh5 9. Bb5 Nh7 10. Bxc6+ bxc6 11. Bxe7 Qxe7 12. g4 Bg6 13. Qe2
O-O 14. h4 f6 15. d4 exd4 16. Nxd4 c5 17. Nc6 Qd7 18. Nd5 Rfe8 19. Nce7+ Rxe7
20. Nxe7+ Qxe7 21. f3 Nf8 22. O-O-O Rb8 23. Qa6 Qe5 24. c3 Qf4+ 25. Rd2 Qxf3
26. Rhh2 Qxe4 27. Qxa7 Qb1# 0-1

[Event "Oddilovy prebor 2009"]
[Site "?"]
[Date "2009.06.12"]
[Round "4.5"]
[White "Sodomka, Adam"]
[Black "Sion, David"]
[Result "1-0"]
[ECO "B24"]
[WhiteElo "1642"]
[BlackElo "1250"]
[Annotator ",Chess"]
[PlyCount "55"]
[EventDate "2009.??.??"]
[TimeControl "240+2"]

{79MB, CHESS} 1. e4 c5 2. Nc3 Nc6 3. g3 e6 4. Bg2 Nf6 5. d3 h6
6. Be3 d5 7. Bd2 d4 8. Nce2 e5 9. f4 Bd6 10. Nf3 Bg4 11. O-O h5 12. h3 Bxf3 13.
Bxf3 h4 14. g4 exf4 15. Nxf4 Qc7 16. Bg2 Qb6 17. g5 Bxf4 18. Bxf4 Nh5 19. Bh2
g6 20. Qg4 Ng7 21. Rf6 Qxb2 22. Raf1 Nd8 23. Bc7 Qxa2 24. Rd6 Nge6 25. e5 Nxc7
26. Qd7+ Kf8 27. Qxc7 Kg7 28. Bd5 1-0

[Event "Oddilovy prebor 2009"]
[Site "?"]
[Date "2009.06.14"]
[Round "5.1"]
[White "Sion, David"]
[Black "Petrasek, Jan"]
[Result "1-0"]
[ECO "C41"]
[WhiteElo "1250"]
[BlackElo "1261"]
[Annotator ",Chess"]
[PlyCount "73"]
[EventDate "2009.??.??"]
[TimeControl "240+2"]

{79MB, CHESS} 1. e4 e5 2. Nf3 d6 3. Bc4 Be7 4. c3 Nf6 5. Ng5 O-O 6. Qb3 Qe8 7.
d4 h6 8. dxe5 dxe5 9. Nf3 Nxe4 10. O-O Nc6 11. Bd5 Nc5 12. Qb5 Bd6 13. Re1 a6
14. Bxc6 axb5 15. Bxe8 Rxe8 16. Be3 Bg4 17. Bxc5 Bxf3 18. Bxd6 cxd6 19. gxf3
Re6 20. Nd2 Ra4 21. Ne4 b4 22. b3 Ra6 23. cxb4 Rb6 24. Rad1 d5 25. Rxd5 Rg6+
26. Ng3 Rxb4 27. Rdxe5 Ra6 28. R1e2 Rd4 29. Re8+ Kh7 30. R8e7 Rd1+ 31. Kg2 Ra1
32. Rxf7 b6 33. Ree7 R1xa2 34. Rxg7+ Kh8 35. Nf5 Ra8 36. Nxh6 R8a7 37. Rg8# 1-0

[Event "Oddilovy prebor 2009"]
[Site "?"]
[Date "2009.06.28"]
[Round "5.3"]
[White "Pospisil, Petr"]
[Black "Schaffer, David"]
[Result "0-1"]
[ECO "C41"]
[WhiteElo "1293"]
[BlackElo "1461"]
[Annotator ",Chess"]
[PlyCount "78"]
[EventDate "2009.??.??"]
[TimeControl "240+2"]

{79MB, CHESS} 1. e4 e5 2. Nf3 d6 3. Bc4 Be7 4. Nc3 Bg4 5. h3 Bh5 6. Nd5 Nf6 7.
Nxe7 Qxe7 8. d3 Nc6 9. Bb5 O-O 10. Bxc6 bxc6 11. Bg5 Rfd8 12. Qd2 d5 13. exd5
cxd5 14. O-O-O e4 15. Rde1 Rab8 16. Nd4 Qe5 17. c3 Rb6 18. f4 Qd6 19. Bxf6 Qxf6
20. g4 c5 21. Nb3 c4 22. dxc4 dxc4 23. Nd4 Rdb8 24. Rxe4 a5 25. Rhe1 h6 26.
Re8+ Kh7 27. Rxb8 Rxb8 28. gxh5 a4 29. Qc2+ Kg8 30. Qxa4 Qxf4+ 31. Kb1 Kh7 32.
Qxc4 Qd2 33. Nc2 Re8 34. Rc1 f5 35. Qf7 Rb8 36. Qxf5+ Kh8 37. Qe5 Qd8 38. Rg1
Rb7 39. Rg6 Qd1# 0-1

[Event "Oddilovy prebor 2009"]
[Site "?"]
[Date "2009.06.12"]
[Round "5.4"]
[White "Buchta, Martin"]
[Black "Stodola, Marek"]
[Result "0-1"]
[ECO "B55"]
[WhiteElo "1369"]
[BlackElo "1600"]
[Annotator ",Chess"]
[PlyCount "78"]
[EventDate "2009.??.??"]
[TimeControl "240+2"]

{79MB, CHESS} 1. e4 c5 2. Nf3 d6 3. d4 cxd4 4. Nxd4 Nf6 5. Bd3 g6 6. Be3 Bg7 7.
h3 Bd7 8. Nd2 Nc6 9. Nc4 O-O 10. f4 Rc8 11. Qf3 Qc7 12. b3 a6 13. a4 Nh5 14.
Nxc6 Bxc6 15. Rc1 b5 16. axb5 axb5 17. Nb6 Rb8 18. Nd5 Bxd5 19. exd5 Bb2 20.
Rb1 Qa5+ 21. Ke2 Bc3 22. g4 Nf6 23. h4 b4 24. Bc4 Qa2 25. Kd3 e5 26. fxe5 dxe5
27. Qd1 e4+ 28. Ke2 Nxg4 29. Bd2 Bxd2 30. Qxd2 e3 31. Qc1 Qa7 32. Rg1 h5 33.
Qf1 Qd4 34. Rd1 Qe4 35. Rc1 Nf2 36. d6 Kh7 37. Qg2 Qd4 38. Qg3 Qd2+ 39. Kf3
Rbd8 0-1

[Event "Oddilovy prebor 2009"]
[Site "?"]
[Date "2009.06.28"]
[Round "5.5"]
[White "Smejkal, Jan"]
[Black "Schaffer, Ondrej"]
[Result "1-0"]
[ECO "E02"]
[WhiteElo "1863"]
[BlackElo "1615"]
[Annotator ",Chess"]
[PlyCount "69"]
[EventDate "2009.??.??"]
[TimeControl "240+2"]

{79MB, CHESS} 1. Nf3 d5 2. g3 Nc6 3. d4 e6 4. Bg2 Nf6 5. O-O Be7 6. c4 dxc4 7.
Qa4 Bd7 8. Qxc4 O-O 9. Nc3 Bb4 10. a3 Bxc3 11. bxc3 Qe7 12. Bg5 h6 13. Bh4 b5
14. Qxb5 Nxd4 15. Bxf6 gxf6 16. Qd3 Nxf3+ 17. Bxf3 Rab8 18. Rfd1 Rfd8 19. Qe3
Ba4 20. Rxd8+ Rxd8 21. Qxa7 Qd7 22. Rb1 Bc6 23. Bxc6 Qxc6 24. Rb8 Rxb8 25.
Qxb8+ Kg7 26. Qb4 Qd5 27. h3 Qd1+ 28. Kg2 Qd5+ 29. e4 Qc6 30. a4 f5 31. f3 fxe4
32. Qd4+ Kg6 33. Qxe4+ Qxe4 34. fxe4 Kf6 35. a5 1-0

[Event "Oddilovy prebor 2009"]
[Site "?"]
[Date "2009.06.28"]
[Round "6.1"]
[White "Petrasek, Jan"]
[Black "Schaffer, Ondrej"]
[Result "0-1"]
[ECO "C42"]
[WhiteElo "1261"]
[BlackElo "1600"]
[Annotator ",Chess"]
[PlyCount "34"]
[EventDate "2009.??.??"]
[TimeControl "240+2"]

{79MB, CHESS} 1. e4 e5 2. Nf3 d6 3. Nc3 Nf6 4. Bc4 Bg4 5. h3 Bh5 6. O-O a6 7.
Be2 Be7 8. d4 exd4 9. Qxd4 Nc6 10. Qd1 O-O 11. Nd5 Nxe4 12. Qd3 Bg6 13. Nxe7+
Qxe7 14. Qb3 Rab8 15. Bd3 Ne5 16. Nxe5 Qxe5 17. f4 Qd4+ 0-1

[Event "Oddilovy prebor 2009"]
[Site "?"]
[Date "2009.06.28"]
[Round "6.3"]
[White "Schaffer, David"]
[Black "Buchta, Martin"]
[Result "0-1"]
[ECO "B13"]
[WhiteElo "1461"]
[BlackElo "1369"]
[Annotator ",Chess"]
[PlyCount "88"]
[EventDate "2009.??.??"]
[TimeControl "240+2"]

{79MB, CHESS} 1. e4 c6 2. d4 d5 3. exd5 cxd5 4. c4 Nf6 5. Nf3 Bg4 6. b3 g6 7.
Be2 Bg7 8. Be3 O-O 9. h3 Bf5 10. Nc3 Qa5 11. Bd2 dxc4 12. bxc4 Qd8 13. Be3 Nc6
14. Bd3 e6 15. Qd2 Re8 16. O-O Rc8 17. Bxf5 exf5 18. Rfe1 b6 19. Rac1 Na5 20.
c5 Nc4 21. Qe2 Nxe3 22. fxe3 bxc5 23. dxc5 Rxc5 24. Nb5 Rxc1 25. Rxc1 Qb6 26.
Nfd4 Nd5 27. Rc6 Qb8 28. Nc2 Bh6 29. Nd6 Qb1+ 30. Kh2 Bf4+ 31. g3 Bxd6 32. Rxd6
Qxa2 33. Ra6 Qb3 34. Rxa7 Nxe3 35. Nxe3 Rxe3 36. Qf2 Qd3 37. Ra8+ Kg7 38. Ra2
Rf3 39. Qb2+ Kh6 40. Ra4 Rxg3 41. Rh4+ Kg5 42. Rxh7 Qd6 43. h4+ Kg4 44. Qe2+
Rf3+ 0-1

[Event "Oddilovy prebor 2009"]
[Site "?"]
[Date "2009.07.01"]
[Round "6.4"]
[White "Sodomka, Adam"]
[Black "Pospisil, Petr"]
[Result "0-1"]
[ECO "B24"]
[WhiteElo "1642"]
[BlackElo "1293"]
[Annotator ",Chess"]
[PlyCount "40"]
[EventDate "2009.??.??"]
[TimeControl "240+2"]

{79MB, CHESS} 1. e4 c5 2. Nc3 Nc6 3. g3 e6 4. Bg2 Nf6 5. Nge2 Be7 6. O-O b6 7.
e5 Ng4 8. f4 Bb7 9. Ne4 Na5 10. N2c3 f5 11. Nb5 O-O 12. Ned6 Bxg2 13. Kxg2 a6
14. Nc3 Qc7 15. Nde4 Nxe5 16. Nf2 Qc6+ 17. Kh3 Rf6 18. g4 Rh6+ 19. Kg3 Bh4+ 20.
Kh3 Bxf2# 0-1

[Event "Oddilovy prebor 2009"]
[Site "?"]
[Date "2009.06.28"]
[Round "6.5"]
[White "Sion, David"]
[Black "Petrasek, Kamil"]
[Result "1/2-1/2"]
[ECO "D31"]
[WhiteElo "1250"]
[BlackElo "1549"]
[Annotator ",Chess"]
[PlyCount "133"]
[EventDate "2009.??.??"]
[TimeControl "240+2"]

{79MB, CHESS} 1. d4 d5 2. c4 e6 3. Nc3 Bb4 4. a3 Bxc3+ 5. bxc3 dxc4 6. e4 b5 7.
a4 c6 8. Nf3 Bb7 9. e5 Nd7 10. Be3 Ne7 11. axb5 cxb5 12. Rb1 a6 13. Bxc4 Bxf3
14. Qxf3 bxc4 15. Bg5 Rb8 16. Rxb8 Qxb8 17. O-O Nd5 18. Qg4 Nxc3 19. Bd2 Qb2
20. Qxg7 Rf8 21. Bh6 Ne2+ 22. Kh1 c3 23. Qg4 f5 24. exf6 Rxf6 25. Qg8+ Nf8 26.
Bxf8 Rxf8 27. Qxe6+ Kd8 28. Qd6+ Kc8 29. Qxf8+ Kb7 30. Qe7+ Kc8 31. Qe6+ Kb7
32. Qd7+ Kb6 33. Qd8+ Kc6 34. Qc8+ Kd5 35. Qf5+ Kxd4 36. Rd1+ Kc4 37. Qe4+ Kb3
38. Rb1 Nd4 39. Rxb2+ cxb2 40. Qd3+ Ka2 41. Qxa6+ Kb1 42. Qd3+ Ka2 43. Qxh7
b1=Q+ 44. Qxb1+ Kxb1 45. g4 Kc2 46. h4 Kd3 47. h5 Ne6 48. Kg2 Ke4 49. Kg3 Ke5
50. h6 Kf6 51. f4 Nf8 52. Kf3 Kg6 53. g5 Kf5 54. Kg3 Ng6 55. h7 Nh8 56. Kh4 Kg6
57. Kg4 Kxh7 58. f5 Kg7 59. Kh5 Nf7 60. f6+ Kg8 61. Kg6 Ne5+ 62. Kf5 Nd7 63. g6
Nxf6 64. Kxf6 Kf8 65. Kf5 Kg8 66. Kg5 Kg7 67. Kh5 1/2-1/2